 Dungeon Crawl Stone Soup version 0.30-a0-1050-g2766ea1e55 (webtiles) character file.

Game seed: 7590475913135553861

16356 Ic0nGaming the Slicer (level 12, -12/70 HPs)
             Began as a Kobold Fighter on Apr 10, 2023.
             Was a Follower of Ru.
             Mangled by a death yak (22 damage)
             ... on level 11 of the Dungeon.
             The game lasted 00:50:30 (14183 turns).

Ic0nGaming the Slicer (Kobold Fighter)             Turns: 14183, Time: 00:50:31

Health: -12/70     AC: 12    Str: 14    XL:     12   Next: 69%
Magic:  12/12      EV: 16    Int:  7    God:    Ru [*.....]
Gold:   434        SH:  8    Dex: 25    Spells: 11/11 levels left

rFire   . . .      SeeInvis .    b - +5 scimitar
rCold   . . .      Faith    .    c - +2 buckler
rNeg    . . .      Spirit   .    y - +2 ring mail {rPois}
rPois   +          Reflect  .    K - +1 helmet
rElec   .          Rampage  .    E - +2 cloak
rCorr   .                        (no gloves)
Will    .....                    (no boots)
Stlth   +++++                    G - amulet of the acrobat
HPRegen 0.31/turn                s - +6 ring of dexterity
MPRegen 0.13/turn                q - +5 ring of evasion

@: mighty
A: small, no large weapons, dopey 1, nightstalker 3, no fire magic, no
necromancy magic, no transmutations magic
a: Renounce Religion


You were on level 11 of the Dungeon.
You worshipped Ru.
Ru was aware of your devotion.
You visited 1 branch of the dungeon, and saw 11 of its levels.
You also visited: Sewer, Ossuary and Bailey.

You collected 568 gold pieces.
You spent 134 gold pieces at shops.

Inventory:

Hand Weapons
 a - a +0 rapier of freezing
 b - a +5 scimitar (weapon)
 w - a +1 short sword of flaming
Missiles
 h - 31 poisoned darts
 j - 4 silver boomerangs (quivered)
 k - 3 curare-tipped darts
 H - 6 atropa-tipped darts
Armour
 c - a +2 buckler (worn)
 l - a +2 leather armour of cold resistance
 y - a +2 ring mail of poison resistance (worn)
 E - a +2 cloak (worn)
 K - a +1 helmet (worn)
Jewellery
 q - a +5 ring of evasion (right hand)
 s - a +6 ring of dexterity (left hand)
 A - a ring of ice
 G - an amulet of the acrobat (around neck)
Wands
 f - a wand of polymorph (3)
 m - a wand of iceblast (9)
 r - a wand of flame (17)
 D - a wand of paralysis (14)
Scrolls
 o - 2 scrolls of amnesia
 p - a scroll of fog
 t - 4 scrolls of teleportation
 F - 4 scrolls of identify
 I - 2 scrolls of poison
Potions
 e - 7 potions of mutation
 g - 3 potions of flight
 n - a potion of brilliance
 v - a potion of curing
 x - a potion of haste
 z - 2 potions of magic
 B - 2 potions of cancellation
 C - 2 potions of ambrosia
Miscellaneous
 u - a condenser vane


   Skills:
 - Level 6.0 Fighting
 - Level 12.7(16.6) Short Blades
 + Level 11.6(12.7) Long Blades
 - Level 5.5 Throwing
 - Level 2.4 Armour
 - Level 10.0 Stealth
 - Level 2.4 Shields
 - Level 5.0 Evocations


You had 11 spell levels left.
You didn't know any spells.
Your spell library contained the following spells:

 Spells                   Type           Power      Damage    Failure   Level
 Slow                     Hex            0%         N/A       82%         1
 Confusing Touch          Hex            0%         N/A       99%         3
 Leda's Liquefaction      Hex/Erth       0%         N/A       100%        4
 Lee's Rapid Deconstruct  Erth           0%         3d4*      100%        5
 Vampiric Draining        Necr           Unusable   2d6       N/A         3
 Statue Form              Tmut/Erth      Unusable   N/A       N/A         6

Dungeon Overview and Level Annotations

Branches:
Dungeon (11/15)            Temple (0/1) D:5            Lair (0/5) D:11
    Orc (0/2) D:10          Sewer (visited)         Ossuary (visited)
 Bailey (visited)

Altars:
Ashenzari
Cheibriados
Gozag
Kikubaaqudgha
Makhleb
Ru
Trog
Xom
Yredelemnul
The Shining One

Shops:
D:9 *

Portals:
Abyss: D:6

Annotations:
D:6 2 transporters, Azuvok's ghost, novice FoFi
D:9 1 runed translucent door, tish's ghost, novice TeCj
D:10 Nergalle
D:11 1 runed translucent door


Innate Abilities, Weirdness & Mutations

You are small and have problems with some larger weapons.
You are dopey. (Int -2)
You are completely attuned to the shadows.
You cannot study or cast Fire magic.
You cannot study or cast Necromancy magic.
You cannot study or cast Transmutations magic.


Message History

You slash the death yak!
The death yak is moderately wounded.
You hear a bellow!
You slice the death yak!!
The death yak is severely wounded.
You hear a bellow!
You block the death yak's attack.
You slash the death yak!
The death yak is almost dead.
The death yak gores you!!
A death yak comes into view.
You hear a bellow!
You hit the death yak but do no damage.
The death yak is severely wounded.
The death yak closely misses you.
You barely miss the death yak.
The death yak is severely wounded.
The death yak misses you.
A yak comes into view.
You hit the death yak.
The death yak is almost dead.
The death yak gores you!
The yak snorts and paws the ground.
You slash the death yak!
The death yak is almost dead.
You slice the death yak!!
You kill the death yak!
You slice the death yak!!
The death yak is moderately wounded.
The death yak gores you!!
* * * LOW HITPOINT WARNING * * *
You completely miss the death yak.
The death yak is moderately wounded.
The death yak misses you.
Okay, then.
As you read the scroll of fear, it crumbles to dust.
You assume a fearsome visage.
The yak looks frightened! x2
The death yak resists with almost no effort.
The death yak gores you!!
You die...

######.#........##.#.##.#.####.#
'.......................)...##.#
######.#####.....#.#..###.#.##.##
....>............#.<......#.##...
####.#.####...##.#.#..#####.#####
..##.#........ #.#.#..##.##[#
#.##.#.....# #.#.#..##.##.#####
#.#......... #.#.#...........<.
#.........Y... #@#.#..##.##.####.
.##..#.....Y.. #Y#.#.......).....
.##...........##Y#.....#.##.####.
.#..............Y........##.####.
.#...#.. >....#.................
.# ........###..#.##...... ##
......#...<.[#.########
#....##...#..#.........
.....##......#.########


You could see a death yak and 2 yaks.

Vanquished Creatures
  A death knight (D:10)
  3 two-headed ogres
  2 death yaks
  A cyclops (D:10)
  A manticore (D:10)
  Maurice (D:11)
  3 gargoyles
  Psyche (D:10)
  2 trolls
  Grinder (D:4)
  A slime creature (D:10)
  A shadow (D:10)
  A vampire (Bailey)
  A wraith (D:8)
  28 yaks
  A steam dragon (D:8)
  4 vampire mosquitoes (D:10)
  An acid dragon (D:11)
  2 water moccasins
  A sky beast (D:8)
  An orc warrior (D:9)
  An ice beast (D:6)
  3 ogres
  10 centaurs
  2 kobold brigands
  4 bullfrogs
  A gnoll sergeant (D:6)
  2 scorpions
  12 wights (D:7)
  9 killer bees
  6 vampire bats (Bailey)
  2 howler monkeys
  5 wolf zombies (Bailey)
  4 crimson imps (D:10)
  2 centaur zombies (Ossuary)
  4 human zombies (Ossuary)
  3 hounds
  4 orc priests
  7 orc wizards
  Terence (D:2)
  3 mummies
  Robin (D:2)
  10 adders
  4 gnolls
  A shadow imp (D:7)
  A white imp (D:8)
  3 ufetubi
  An adder zombie (Ossuary)
  A worm (D:2)
  A dart slug (D:2)
  43 orcs
  8 ball pythons
  3 bats
  3 endoplasms
  8 giant cockroaches
  9 goblins
  7 hobgoblins
  6 jackals
  3 quokkas
  11 frilled lizards
  8 hobgoblin zombies (Ossuary)
  2 jackal zombies (Ossuary)
  16 kobolds
  11 kobold zombies (Ossuary)
  30 orc zombies
  2 rat zombies (Ossuary)
336 creatures vanquished.

Vanquished Creatures (others)
  A wizard (D:3)
  An orc wizard (D:5)
  2 fungi
  5 plants (D:9)
  4 toadstools (D:2)
13 creatures vanquished.

Grand Total: 349 creatures vanquished

Notes
Turn   | Place    | Note
-------+----------+-------------------------------------------
     0 | D:1      | Ic0nGaming the Kobold Fighter began the quest for the Orb.
     0 | D:1      | Reached XP level 1. HP: 14/14 MP: 1/1
    59 | D:1      | Reached skill level 3 in Short Blades
    77 | D:1      | Reached XP level 2. HP: 19/19 MP: 2/2
   365 | D:1      | Reached skill level 4 in Short Blades
   917 | D:1      | Reached XP level 3. HP: 14/23 MP: 3/3
  1368 | D:2      | Found a faded altar of an unknown god.
  1434 | D:1      | Reached skill level 5 in Short Blades
  1776 | D:2      | Reached XP level 4. HP: 28/28 MP: 4/4
  1841 | D:2      | Noticed Robin
  1856 | D:2      | Killed Robin
  1870 | D:2      | Reached skill level 6 in Short Blades
  2212 | D:2      | Noticed Terence
  2564 | D:2      | Killed Terence
  2565 | D:2      | Reached XP level 5. HP: 27/32 MP: 5/5
  2828 | D:3      | Reached skill level 7 in Short Blades
  3181 | D:3      | Found a bloodstained altar of Trog.
  3184 | D:3      | Noticed a wizard
  3197 | D:3      | Killed a wizard
  3302 | D:3      | Reached XP level 6. HP: 37/37 MP: 6/6
  3309 | D:3      | Found a sacrificial altar of Ru.
  3363 | D:3      | Became a worshipper of Ru the Awakened
  3622 | D:4      | Found an ancient bone altar of Kikubaaqudgha.
  3844 | D:4      | Reached skill level 8 in Short Blades
  3948 | D:4      | Noticed Grinder
  3959 | D:4      | Killed Grinder
  3960 | D:4      | Reached skill level 9 in Short Blades
  3960 | D:4      | Reached XP level 7. HP: 9/41 MP: 7/7
  4096 | D:4      | Found a burning altar of Makhleb.
  4324 | D:4      | Found a basalt altar of Yredelemnul.
  4409 | D:5      | Entered Level 5 of the Dungeon
  4432 | D:5      | Reached skill level 10 in Short Blades
  4448 | D:5      | Found a staircase to the Ecumenical Temple.
  4949 | D:5      | Reached skill level 11 in Short Blades
  4949 | D:5      | Reached XP level 8. HP: 46/46 MP: 8/8
  5026 | D:5      | Found a glowing golden altar of the Shining One.
  5123 | D:5      | Gained mutation: You cannot study or cast Fire magic. [Ru
                  | sacrifice]
  5123 | D:5      | Gained mutation: You cannot study or cast Transmutations
                  | magic. [Ru sacrifice]
  5123 | D:5      | Gained mutation: You cannot study or cast Necromancy magic.
                  | [Ru sacrifice]
  5123 | D:5      | Reached * piety under Ru
  5295 | D:6      | Found a transporter.
  5416 | D:6      | Found a glowing drain.
  5452 | D:6      | Reached skill level 1 in Stealth
  5533 | Sewer    | Entered a sewer
  5835 | D:6      | Found a transporter.
  5948 | D:6      | Found a one-way gate to the infinite horrors of the Abyss.
  5948 | D:6      | Noticed Azuvok's ghost (novice FoFi)
  6019 | D:6      | Reached skill level 5 in Stealth
  6355 | D:6      | Reached XP level 9. HP: 50/51 MP: 9/9
  6488 | D:6      | Found a snail-covered altar of Cheibriados.
  6822 | D:7      | Reached skill level 5 in Throwing
  6976 | D:7      | Found a flagged portal.
  6989 | D:7      | Reached skill level 12 in Short Blades
  7173 | Bailey   | Entered a bailey
  7417 | Bailey   | Reached skill level 1 in Long Blades
  7599 | Bailey   | Noticed a gargoyle
  7716 | Bailey   | Killed a gargoyle
  7717 | Bailey   | Reached XP level 10. HP: 17/56 MP: 10/10
  8096 | D:7      | Reached skill level 5 in Long Blades
  8298 | D:8      | Gained mutation: You are dopey. (Int -2) [Ru sacrifice]
  8547 | D:8      | Found a sand-covered staircase.
  8555 | Ossuary  | Entered an ossuary
  9151 | D:8      | Noticed a two-headed ogre
  9185 | D:8      | Noticed a gargoyle
  9190 | D:8      | Killed a gargoyle
  9272 | D:8      | Found a broken altar of Ashenzari.
  9522 | D:8      | Killed a two-headed ogre
  9523 | D:8      | Reached skill level 5 in Fighting
  9617 | D:8      | Reached XP level 11. HP: 60/64 MP: 11/11
 10047 | D:9      | Noticed a two-headed ogre
 10050 | D:9      | Killed a two-headed ogre
 10069 | D:9      | Found a runed translucent door.
 10072 | D:9      | Identified the +1 trident "Fiacece" {heavy, rC+ rCorr}
 10075 | D:9      | Found Fupn's General Store.
 10079 | D:9      | Bought a wand of paralysis (4) for 134 gold pieces
 10145 | D:9      | Reached skill level 1 in Evocations
 10289 | D:9      | Reached skill level 5 in Evocations
 10849 | D:9      | Noticed tish's ghost (novice TeCj)
 10871 | D:10     | Entered Level 10 of the Dungeon
 11077 | D:10     | Noticed an ogre mage
 11077 | D:10     | Noticed a tengu warrior
 11126 | D:10     | Noticed a death knight
 11331 | D:10     | HP: 1/64 [death knight/+3 battleaxe (20)]
 11337 | D:10     | Killed a death knight
 11620 | D:10     | Reached skill level 10 in Stealth
 11628 | D:10     | Reached XP level 12. HP: 25/70 MP: 12/12
 11802 | D:10     | Found a staircase to the Orcish Mines.
 11817 | D:10     | Found an opulent altar of Gozag.
 11890 | D:10     | Noticed Psyche
 12366 | D:10     | Noticed Nergalle
 12391 | D:10     | Noticed a death knight
 12697 | D:10     | Found a shimmering altar of Xom.
 12719 | D:10     | Reached skill level 10 in Long Blades
 12982 | D:10     | Killed Psyche
 13213 | D:11     | Noticed a two-headed ogre
 13222 | D:11     | Noticed a death yak
 13245 | D:10     | Killed a death yak
 13497 | D:11     | Found a runed translucent door.
 13497 | D:11     | Noticed a sphinx
 13498 | D:11     | Noticed an ettin
 13499 | D:11     | Noticed a sphinx
 13499 | D:11     | Noticed a deep troll
 13499 | D:11     | Noticed a +3 trident of flaming
 13499 | D:11     | Noticed a deep troll
 13499 | D:11     | Noticed a deep troll
 13867 | D:11     | Noticed Maurice
 13868 | D:11     | Killed a two-headed ogre
 13876 | D:11     | Killed Maurice
 14159 | D:11     | Found a staircase to the Lair.
 14160 | D:11     | Noticed a death yak
 14175 | D:11     | Noticed a death yak
 14180 | D:11     | Killed a death yak
 14183 | D:11     | Mangled by a death yak

Illustrated notes

Levels and vault maps discovered:
D:1:      saegor_arrival_simple_d, layout_basic, minmay_lizard_pond
D:2:      layout_basic, dreamdust_ecumenical_altar_statues,
          minmay_gold_behind_fungi, uniq_terence, uniq_robin
D:3:      layout_basic, nicolae_ru_path_of_blood, trog_wizard
D:4:      layout_loops_ring, makhleb_blood_cavern_becter,
          mainiacjoe_overflow_brackets, lemuel_crystal_altar, uniq_grinder
D:5:      layout_rooms, tso_altar, minmay_temple_entry_drinking_statues
D:6:      layout_rooms, slow_altar_2, gup_sewer_entry_glass,
          gammafunk_ghost_abyssal_escape, kennysheep_cross_bottleneck,
          minmay_fractal_squares_5
D:7:      layout_rooms, enter_bailey_2, chequers_arboretum,
          minmay_misc_feat_alley
D:8:      layout_cave_pods, kennysheep_mini, nicolae_ossuary_entry_plus,
          minivault_23
D:9:      layout_roguey, serial_shops, shop, ebering_ghost_funeral_grove,
          grunt_decor_one_mirror
D:10:     minmay_diamond_stairs, layout_cave_pools, led_xom_imps,
          mainiacjoe_overflow_chevrons, orc_0_dummy, grunt_ministairs_6,
          kennysheep_generic_room_10, uniq_nergalle, uniq_psyche
D:11:     minmay_gate_of_8, layout_basic, dpeg_lair_monsters, wad_scary_box,
          uniq_maurice

Skill      XL: |  1  2  3  4  5  6  7  8  9 10 11 12 |
---------------+-------------------------------------+-----
Short Blades   | 3 4 5 6 7 9 11 12 | 12.7
Stealth        | 6 10 | 10.0
Throwing       | 3 5 |  5.5
Long Blades    | 4 7 9 11 | 11.6
Fighting       | 5 6 |  6.0
Evocations     | 5 |  5.0
Armour         | |  2.4
Shields        | |  2.4

Action                     |  1- 3 |  4- 6 |  7- 9 | 10-12 || total
---------------------------+-------+-------+-------+-------++-------
  Melee: Rapier            |   108 |   156 |   225 |     4 ||   493
         Scimitar          |       |       |    81 |   504 ||   585
         Short sword       |       |       |     8 |       ||     8
  Throw: Dart              |       |     9 |    10 |    13 ||    32
         Boomerang         |       |       |       |    21 ||    21
 Invoke: Sacrifice Arcana  |       |       |     1 |       ||     1
         Sacrifice Purity  |       |       |       |     1 ||     1
         Reject Sacrifices |       |       |       |     1 ||     1
  Evoke: Wand              |       |     1 |     3 |     5 ||     9
    Use: Scroll            |     4 |     9 |     5 |    11 ||    29
         Potion            |       |     1 |     7 |     9 ||    17
   Stab: Sleeping          |     3 |     2 |    28 |    18 ||    51
         Paralysed         |       |       |       |     4 ||     4
         Distracted        |       |       |       |     2 ||     2
 Armour: Scale mail        |     9 |       |       |       ||     9
         Ring mail         |    23 |    37 |     1 |    91 ||   152
         Leather armour    |       |     1 |    55 |       ||    56
         Skin              |       |       |     2 |     6 ||     8
  Dodge: Dodged            |    39 |    63 |    90 |   301 ||   493
  Block: Buckler           |    18 |    37 |    79 |   173 ||   307

Table legend: (Time is in decaauts)
 A = Elapsed time spent in this place.
 B = Non-inter-level travel time spent in this place.
 C = Inter-level travel time spent in this place.
 D = Time resting spent in this place.
 E = Time spent auto-exploring this place.
 F = Levels seen in this place.
 G = Mean time per level.
                   A        B        C        D        E       F      G
               +--------+--------+--------+--------+--------+-----+--------+
         Total |  14120 |  13491 |    629 |   3553 |   5471 |  14 | 1008.6 |
       Dungeon |  12565 |  11936 |    629 |   2997 |   5319 |  11 | 1142.3 |
         Sewer |    266 |    266 |      0 |     93 |     32 |   1 |  266.0 |
       Ossuary |    466 |    466 |      0 |    179 |     83 |   1 |  466.0 |
        Bailey |    822 |    822 |      0 |    284 |     37 |   1 |  822.0 |
               +--------+--------+--------+--------+--------+-----+--------+

Top non-repeatable levels by time:
    D:10: 1687 daAuts
     D:2: 1414 daAuts
     D:8: 1327 daAuts
     D:9: 1221 daAuts
     D:1: 1210 daAuts
     D:6: 1086 daAuts
     D:4: 1025 daAuts
    D:11: 970 daAuts
     D:5: 963 daAuts
     D:7: 903 daAuts
  Bailey: 822 daAuts
     D:3: 754 daAuts
 Ossuary: 466 daAuts
   Sewer: 266 daAuts
